Map: Port Aleksander LE

Players

Yocto

  • Race: Zerg Zerg
  • Spawn Location: 5:00

Viper - Winner!

  • Race: Protoss Protoss
  • League: Silver
  • Spawn Location: 11:00

VOD

Have the link to the VOD?

Description

Time

  • Played on: Dec. 9, 2018, 10:49 a.m.
  • Length: 7:12
Show
View Real Time Build Order
Export as new Build Order

Yocto Zerg 

Build Orders: Hatch First 

Get SALT Encoding   

  12  0:01  Drone  
  13  0:15  Overlord  
  13  0:19  Drone  
  14  0:35  Drone x2  
  16  0:38  Drone  
  17  0:58  Hatchery  
  17  1:01  Drone  
  17  1:20  Drone  
  17  1:25  Spawning Pool, Drone  
  18  1:35  Extractor, Drone  
  18  1:36  Drone  
  19  1:44  Overlord  
  19  2:10  Drone x2  
  19  2:12  Queen  
  19  2:14  Queen  
  25  2:23  Drone x2  
  27  2:36  Roach Warren  
  26  2:42  Zergling x2  
  26  2:44  Metabolic Boost  
  27  2:48  Drone x3  
  30  2:57  Queen  
  32  3:07  Extractor  
  32  3:08  Drone x3  
  34  3:13  Drone x2  
  34  3:19  Overlord  
  36  3:25  Overlord  
  36  3:39  Overlord  
  36  3:40  Roach x2  
  36  3:41  Roach x2  
  43  3:55  Spine Crawler  
  43  3:57  Overlord x2  
  42  4:08  Roach x3  
  48  4:12  Overlord  
  48  4:17  Roach  
  50  4:31  Roach x4  
  58  4:44  Roach x2  
  58  4:45  Roach x2  
  66  4:51  Roach x2  
  70  5:12  Overlord x3  
  70  5:17  Zergling x6  
  73  5:25  Overlord x2  
  73  5:46  Roach x3  
  73  5:47  Roach x3  
  85  6:03  Ravager x4  
  89  6:06  Ravager  
  89  6:09  Zergling x2  
  89  6:10  Zergling x14  
  98  6:20  Ravager  
  98  6:23  Zergling x4  
  101  6:40  Zergling x8  
  101  6:41  Zergling x4  
Show
View Real Time Build Order
Export as new Build Order

Viper Protoss - Winner!

Build Orders:  

Get SALT Encoding   

  12  0:00  Probe  
  13  0:13  Pylon  
  13  0:15  Probe  
  14  0:23  Probe  
  15  0:37  Gateway  
  15  0:40  Probe  
  16  0:46  Assimilator  
  16  0:52  Probe  
  17  1:05  Gateway  
  17  1:07  Probe  
  18  1:19  Probe  
  18  1:22  Gateway  
  19  1:29  Zealot  
  21  1:36  Pylon  
  21  1:41  Probe  
  21  1:46  Assimilator  
  22  1:56  Cybernetics Core  
  22  2:03  Zealot  
  24  2:11  Probe  
  25  2:19  Probe  
  25  2:26  Stalker  
  25  2:27  Probe  
  29  2:38  Pylon  
  29  2:41  Stalker  
  31  2:51  Warp Gate  
  31  2:53  Stalker  
  33  3:00  Sentry  
  35  3:08  Twilight Council  
  35  3:15  Stalker  
  37  3:20  Probe  
  38  3:37  Pylon  
  38  3:55  Stalker  
  40  3:56  Stalker  
  40  3:57  Stalker  
  40  3:58  Probe  
  45  4:04  Blink  
  45  4:10  Probe  
  46  4:24  Probe  
  47  4:33  Pylon  
  47  4:37  Forge  
  47  4:42  Stalker  
  39  5:11  Stalker x2  
  43  5:23  Robotics Facility, Probe  
  44  5:35  Probe  
  45  5:39  Nexus  
  45  5:48  Stalker x2  
  49  5:56  Pylon  
  49  6:09  Probe  
  50  6:12  Assimilator  
  50  6:14  Assimilator  
  50  6:20  Photon Cannon  
  50  6:24  Probe  
  51  6:28  Sentry  
  51  6:32  Sentry  
  55  6:33  Probe  
  56  6:50  Photon Cannon  
  44  7:02  Stalker x2  
  44  7:03  Stalker  
Tags
 
League
Silver
Matchup
PvZ
Replay Pack
Yocto
Spawn Locations
Cross Positions
Add a new tag
Caveats
  • Supply blocks, unpowered buildings, or Contaminate may cause inaccurate times.
  • Supply counts are checked every 10 seconds.